 Dungeon Crawl Stone Soup version 0.28-a0-834-g1a73be5ee4 (webtiles) character file.

Game seed: 3502461677902787010

130 croobank the Digger (level 4, -11/33 HPs)
             Began as a Draconian Earth Elementalist on Nov 11, 2021.
             Mangled by an orc warrior (17 damage)
             ... on level 3 of the Dungeon.
             The game lasted 00:19:45 (2333 turns).

croobank the Digger (Draconian Earth Elementalist)  Turns: 2333, Time: 00:19:46

Health: -11/33     AC:  8    Str: 11    XL:     4   Next: 89%
Magic:  3/8        EV: 16    Int: 16    God:
Gold:   83         SH:  0    Dex: 11    Spells: 8/9 levels left

rFire   . . .      SeeInvis .   a - +3 spear (freeze)
rCold   . . .      Faith    .   (no shield)
rNeg    . . .      Spirit   .   (armour unavailable)
rPois   .          Reflect  .   (helmet restricted)
rElec   .          Harm     .   (no cloak)
rCorr   .          Rampage  .   f - +2 pair of gloves
Will    +....                   (no boots)
Stlth   ++........              (no amulet)
HPRegen 0.11/turn               c - +4 ring of evasion
MPRegen 0.11/turn               j - ring of willpower

@: no status effects
A: AC +5, unfitting armour, cold-blooded
a: no special abilities


You were on level 3 of the Dungeon.
You visited 1 branch of the dungeon, and saw 3 of its levels.

You collected 83 gold pieces.

Inventory:

Hand Weapons
 a - a +3 spear of freezing (weapon)
 d - a +2 dagger of draining
 g - a +0 mace
 p - a +0 short sword
Missiles
 b - a stone
 o - 15 poisoned darts
Armour
 f - a +2 pair of gloves (worn)
Jewellery
 c - a +4 ring of evasion (left hand)
 j - a ring of willpower (right hand)
Scrolls
 l - a scroll of teleportation
Potions
 e - a potion of curing
 h - a potion of lignification {unknown}
 i - 3 potions of mutation {unknown}
 k - a potion of invisibility {unknown}


   Skills:
 + Level 0.1 Fighting
 + Level 1.0(1.1) Maces & Flails
 * Level 0.1(0.6) Staves
 + Level 2.1 Dodging
 + Level 2.3 Stealth
 + Level 0.5 Unarmed Combat
 + Level 3.1 Spellcasting
 + Level 1.2 Transmutations
 + Level 3.9 Earth Magic


You had 8 spell levels left.
You knew the following spells:

 Your Spells              Type           Power      Damage    Failure   Level
a - Sandblast             Erth           30%        2d9       3%          1

Your spell library contained the following spells:

 Spells                   Type           Power      Damage    Failure   Level
 Passwall                 Tmut/Erth      8%         N/A       10%         2
 Stone Arrow              Conj/Erth      16%        3d8       24%         3
 Petrify                  Tmut/Erth      10%        N/A       54%         4
 Chain Lightning          Conj/Air       1%         3d1       100%        9
 Fire Storm               Conj/Fire      1%         7d1       100%        9
 Shatter                  Erth           7%         3d10*     100%        9


Dungeon Overview and Level Annotations

Branches:
Dungeon (3/15)

Altars:
Nemelex Xobeh


Innate Abilities, Weirdness & Mutations

Your plain brown scales are hard. (AC +5)
You cannot fit into any form of body armour.
You are cold-blooded and may be slowed by cold attacks.


Message History

The blast of sand hits the orc warrior but does no damage.
The orc warrior misses you.
You hit the orc warrior but do no damage.
The orc warrior hits you with a +0 dire flail!
You hit the orc warrior but do no damage.
The orc warrior closely misses you.
You hit the orc warrior but do no damage.
The orc warrior misses you.
You hit the orc warrior but do no damage.
The orc warrior hits you with a +0 dire flail!
* * * LOW HITPOINT WARNING * * *
You closely miss the orc warrior.
You tail-slap the orc warrior, but do no damage.
The orc warrior closely misses you.
Aiming: Sandblast (safe; 3% risk of failure)
Press: ? - help, Q - select action, (/) - cycle Shift-Dir - straight line, f/p - orc warrior
Aim: an orc warrior, wielding a +0 dire flail and wearing a +0 plate armour (79% to hit)
Okay, then.
Aiming: Sandblast (safe; 3% risk of failure)
Press: ? - help, Q - select action, (/) - cycle Shift-Dir - straight line, f/p - orc warrior
Aim: an orc warrior, wielding a +0 dire flail and wearing a +0 plate armour (79% to hit)
The blast of sand misses the orc warrior.
The orc warrior closely misses you.
Aiming: Sandblast (safe; 3% risk of failure)
Press: ? - help, Q - select action, (/) - cycle Shift-Dir - straight line, f/p - orc warrior
Aim: an orc warrior, wielding a +0 dire flail and wearing a +0 plate armour (79% to hit)
The blast of sand hits the orc warrior!
The orc warrior is moderately wounded.
The orc warrior misses you.
Aiming: Sandblast (safe; 3% risk of failure)
Press: ? - help, Q - select action, (/) - cycle Shift-Dir - straight line, f/p - orc warrior
Aim: an orc warrior, wielding a +0 dire flail and wearing a +0 plate armour (moderately wounded, 79% to hit)
The blast of sand hits the orc warrior but does no damage.
The orc warrior is moderately wounded.
The orc warrior hits you with a +0 dire flail.
* * * LOW HITPOINT WARNING * * *
You see here a bat corpse.
The orc warrior hits you with a +0 dire flail!
Ouch! That really hurt!
You die...

#.####.# #)#
#.# #.# #.#
#.# #.# #.#
#.# #†# #.#
#.# #.#
#o####.#
###.@....#
..........<.#
#############


You could see an orc warrior.

Vanquished Creatures
  A centaur skeleton (D:2)
  Terence (D:2)
  An adder (D:2)
  2 worms (D:2)
  A dart slug (D:2)
  2 orcs (D:3)
  9 bats
  5 endoplasms
  3 giant cockroaches (D:1)
  4 goblins
  3 hobgoblins
  5 jackals (D:1)
  5 kobolds
  A quokka (D:1)
  5 ball pythons (D:1)
  A frilled lizard (D:2)
  5 rats
54 creatures vanquished.

Notes
Turn   | Place    | Note
-------+----------+-------------------------------------------
     0 | D:1      | croobank the Draconian Earth Elementalist began the quest
                  | for the Orb.
     0 | D:1      | Reached XP level 1. HP: 14/14 MP: 3/3
   166 | D:1      | Reached XP level 2. HP: 20/20 MP: 0/5
   569 | D:1      | Found a faded altar of an unknown god.
   848 | D:1      | Reached XP level 3. HP: 26/26 MP: 4/6
  1398 | D:2      | Reached XP level 4. HP: 25/33 MP: 7/7
  1695 | D:2      | Reached skill level 1 in Maces & Flails
  1782 | D:2      | Noticed Terence
  1821 | D:2      | Killed Terence
  2028 | D:2      | Found a sparkling altar of Nemelex Xobeh.
  2309 | D:3      | Noticed an orc warrior
  2333 | D:3      | Mangled by an orc warrior

Illustrated notes

Levels and vault maps discovered:
D:1:      saegor_arrival_simple_a, layout_loops_cross,
          ebering_ecumenical_altar_webs
D:2:      layout_basic, basic_altar, kennysheep_generic_room_7, uniq_terence
D:3:      layout_basic, grunt_gozag_statues, nicolae_tso_besieged_by_evil,
          corexii_shack, kennysheep_jessica_study

Skill      XL: |  1  2  3  4 |
---------------+-------------+-----
Dodging        | 2 |  2.1
Stealth        | 2 |  2.3
Maces & Flails | 1 |  1.0
Spellcasting   | 3 |  3.1
Fighting       | |  0.1
Staves         | |  0.1
Unarmed Combat | |  0.5
Transmutations | |  1.2
Earth Magic    | |  3.9

Action                   |  1- 3 |  4- 6 || total
-------------------------+-------+-------++-------
Melee: Unarmed           |    34 |       ||    34
       Tailslap          |     7 |     3 ||    10
       Mace              |    30 |    30 ||    60
       Spear             |       |    10 ||    10
       Punch             |       |     1 ||     1
 Cast: Sandblast         |    29 |    38 ||    67
  Use: Scroll            |       |     4 ||     4
       Potion            |       |     2 ||     2
Armor: Skin              |    32 |    28 ||    60
Dodge: Dodged            |    72 |   104 ||   176

Table legend: (Time is in decaauts)
 A = Elapsed time spent in this place.
 B = Non-inter-level travel time spent in this place.
 C = Inter-level travel time spent in this place.
 D = Time resting spent in this place.
 E = Time spent auto-exploring this place.
 F = Levels seen in this place.
 G = Mean time per level.
                   A        B        C        D        E       F      G
               +--------+--------+--------+--------+--------+-----+--------+
         Total |   2359 |   2307 |     52 |      0 |   1702 |   3 |  786.3 |
       Dungeon |   2359 |   2307 |     52 |      0 |   1702 |   3 |  786.3 |
               +--------+--------+--------+--------+--------+-----+--------+

Top non-repeatable levels by time:
     D:1: 1186 daAuts
     D:2: 1131 daAuts
     D:3: 41 daAuts
